 Dungeon Crawl Stone Soup version 0.30-a0-1160-g6e42c06551 (webtiles) character file.

Game seed: 13236689430071475448

177 jasper the Sneak (level 5, -2/35 HPs)
             Began as a Vampire Enchanter on Apr 25, 2023.
             Slain by a scorpion (3 damage)
             ... on level 4 of the Dungeon.
             The game lasted 00:04:07 (3026 turns).

jasper the Sneak (Vampire Enchanter)                Turns: 3026, Time: 00:04:08

Health: -2/35      AC:  4    Str:  7    XL:     5   Next: 30%
Magic:  0/8        EV: 12    Int: 20    God:
Gold:   148        SH:  0    Dex: 14    Spells: 0/8 levels left

rFire   . . .        a - +2 dagger
rCold   . . .        (no shield)
rNeg    . . .        b - +1 robe
rPois   .            (no helmet)
rElec   .            (no cloak)
rCorr   .            (no gloves)
SInv    +            g - +0 pair of boots
Will    .....        (no amulet)
Stlth   +++          (no ring)
HPRegen 0.45/turn    (no ring)
MPRegen 0.11/turn

%: no passive effects
@: lethally poisoned (-2 -> -4), attractive, healing quickly
A: alive, fangs 3, see invisible, vampiric 2
a: Exsanguinate


You were on level 4 of the Dungeon.
You visited 1 branch of the dungeon, and saw 4 of its levels.

You collected 148 gold pieces.

Inventory:

Hand Weapons
 a - a +2 dagger (weapon)
Missiles
 h - 6 datura-tipped darts
Armour
 b - a +1 robe (worn)
 g - a +0 pair of boots (worn)
Jewellery
 k - a ring of fire
 o - an amulet of guardian spirit
Wands
 p - a wand of mindburst (8)
Scrolls
 e - 2 scrolls of teleportation
 f - a scroll of enchant armour
 j - 2 scrolls of enchant weapon
 q - a scroll of identify
Potions
 c - a potion of invisibility
 n - a potion of haste {unknown}
 r - a potion of resistance {unknown}


   Skills:
 + Level 3.4 Short Blades
 - Level 2.1 Dodging
 + Level 6.4 Stealth
 - Level 2.0 Spellcasting
 + Level 6.2 Hexes


You couldn't memorise any spells.
You knew the following spells:

 Your Spells              Type           Power      Damage    Failure   Level
a - Ensorcelled Hibernat  Hex/Ice        28%        N/A       7%          2
b - Confusing Touch       Hex            26%        N/A       3%          3
c - Tukima's Dance        Hex            26%        N/A       3%          3

Your spell library contained the following spells:

 Spells                   Type           Power      Damage    Failure   Level
 Dazzling Flash           Conj/Hex       28%        N/A       13%         3
 Portal Projectile        Hex/Tloc       28%        N/A       13%         3
 Poisonous Vapours        Pois/Air       4%         N/A       24%         2
 Sublimation of Blood     Necr           2%         N/A       24%         2
 Wereblood                Tmut           2%         N/A       24%         2
 Mephitic Cloud           Conj/Pois/Air  2%         N/A       43%         3
 Vhi's Electric Charge    Tloc/Air       4%         N/A       43%         3
 Arcjolt                  Conj/Air       1%         1d11      99%         5
 Blade Hands              Tmut           1%         N/A       99%         5
 Freezing Cloud           Conj/Ice/Air   1%         6-21      99%         5
 Plasma Beam              Fire/Air       1%         2x1d12    100%        6
 Summon Hydra             Summ           1%         N/A       100%        7


Dungeon Overview and Level Annotations

Branches:
Dungeon (4/15)
 Temple: D:4-7

Altars:
Ashenzari
Qazlal


Innate Abilities, Weirdness & Mutations

Your natural rate of healing is accelerated.
You have razor-sharp teeth.
You have supernaturally acute eyesight. (SInv)
You are afflicted with vampirism and can become a bat while bloodless.


Message History

You take 1 damage, and have 20/35 hp.
You barely miss the scorpion.
You feel sick. The scorpion stings you.
You take 2 damage, and have 18/35 hp.
You barely miss the scorpion.
You feel sick. The scorpion stings you.
You take 3 damage, and have 15/35 hp.
You closely miss the scorpion.
You feel sick. The scorpion stings you.
You are more poisoned.
The scorpion poisons you!
You take 3 damage, and have 12/35 hp.
You barely miss the scorpion.
You feel sick.
You take 1 damage, and have 11/35 hp.
It was a potion of attraction.
You feel attractive to monsters.
You feel sick. The scorpion is attracted toward you.
You take 2 damage, and have 9/35 hp.
Aiming: Ensorcelled Hibernation (safe; 7% risk of failure)
Press: ? - help, Q - select action, (/) - cycle Shift-Dir - straight line, f/p - scorpion
Aim: a scorpion (wandering, unable to see you, hasn't noticed you, chance to affect: 48%)
The scorpion resists with some effort.
You feel sick. The scorpion misses you. The scorpion stings you.
* * * LOW HITPOINT WARNING * * *
You take 6 damage, and have 3/35 hp.
You now have 0/8 mp.
You hit the scorpion.
The scorpion is moderately wounded.
* * * LOW HITPOINT WARNING * * *
You feel sick.
You take 1 damage, and have 2/35 hp.
It was a potion of flight.
You feel very buoyant.
You fly up into the air.
* * * LOW HITPOINT WARNING * * *
You feel sick. The scorpion is attracted toward you.
You take 1 damage, and have 1/35 hp.
It was a potion of cancellation.
Your magical effects are unravelling.
You feel magically purged.
You float gracefully downwards.
You flicker back into view.
* * * LOW HITPOINT WARNING * * *
You feel sick. The scorpion stings you.
You die...

......... #..#.....##
........# #...####..#
........# #...# #..#
........## #...# #..#
.........#####...#
#..# ......#..§.##...#
#..# #....####§.....#
##(## .)..# ##.s...#
#..# ...# ##.@.##
#..## ..# ##...##
##...# .. #.....##
##..... #..#.#...##
##......
##.#####..#####.......
# ##..##.........
#.............
#........#####
#........##


You could see a scorpion.

Vanquished Creatures
  An orc wizard (D:4)
  An iguana (D:3)
  6 adders
  5 worms
  A dart slug (D:1)
  2 orcs (D:4)
  7 ball pythons
  3 endoplasms (D:1)
  4 giant cockroaches
  4 hobgoblins
  4 jackals (D:4)
  4 quokkas
  6 bats
  A frilled lizard (D:1)
  3 goblins
  A kobold (D:2)
  3 rats
56 creatures vanquished.

Notes
Turn   | Place    | Note
-------+----------+-------------------------------------------
     0 | D:1      | jasper the Vampire Enchanter began the quest for the Orb.
     0 | D:1      | Reached XP level 1. HP: 13/13 MP: 3/3
   284 | D:1      | Reached XP level 2. HP: 19/19 MP: 5/5
   291 | D:1      | Learned a level 2 spell: Ensorcelled Hibernation
   512 | D:1      | Found a faded altar of an unknown god.
   657 | D:1      | Reached skill level 5 in Stealth
   825 | D:2      | Reached skill level 5 in Hexes
   894 | D:2      | Gained mutation: You are afflicted with vampirism and can
                  | become a bat while bloodless. [Vampire growth]
   894 | D:2      | Reached XP level 3. HP: 24/24 MP: 6/6
   908 | D:2      | Learned a level 3 spell: Confusing Touch
  1728 | D:3      | Reached XP level 4. HP: 30/30 MP: 4/7
  1891 | D:3      | Found a broken altar of Ashenzari.
  1935 | D:3      | Found a stormy altar of Qazlal.
  2561 | D:4      | Reached XP level 5. HP: 28/35 MP: 0/8
  2565 | D:4      | Learned a level 3 spell: Tukima's Dance
  3025 | D:4      | HP: 1/35 [poisoned by a scorpion]
  3026 | D:4      | Slain by a scorpion

Illustrated notes

Levels and vault maps discovered:
D:1:      dpeg_arrival_windows_large_door, layout_basic,
          shapermc_ecumenical_altar_flowoftime
D:2:      minmay_inner_zag, layout_rooms
D:3:      layout_loops_ring, nicolae_overflow_squiral, chequers_decorated_corner
D:4:      layout_layer_cave

Skill      XL: |  1  2  3  4 |
---------------+-------------+-----
Short Blades   | 2 3 |  3.4
Stealth        | 5 6 |  6.4
Hexes          | 5 6 |  6.2
Dodging        | |  2.1
Spellcasting   | |  2.0

Action                     |  1- 3 |  4- 6 || total
---------------------------+-------+-------++-------
  Melee: Dagger            |    60 |    47 ||   107
         Bite              |     5 |       ||     5
   Cast: Ensorcelled Hiber |    18 |    18 ||    36
    Use: Scroll            |     8 |     1 ||     9
         Potion            |       |     5 ||     5
   Stab: Sleeping          |    21 |    18 ||    39
 Armour: Robe              |    15 |     8 ||    23
  Dodge: Dodged            |    42 |    31 ||    73

Table legend: (Time is in decaauts)
 A = Elapsed time spent in this place.
 B = Non-inter-level travel time spent in this place.
 C = Inter-level travel time spent in this place.
 D = Time resting spent in this place.
 E = Time spent auto-exploring this place.
 F = Levels seen in this place.
 G = Mean time per level.
                   A        B        C        D        E       F      G
               +--------+--------+--------+--------+--------+-----+--------+
         Total |   3011 |   2981 |     30 |    100 |   2405 |   4 |  752.8 |
       Dungeon |   3011 |   2981 |     30 |    100 |   2405 |   4 |  752.8 |
               +--------+--------+--------+--------+--------+-----+--------+

Top non-repeatable levels by time:
     D:3: 845 daAuts
     D:2: 823 daAuts
     D:1: 794 daAuts
     D:4: 548 daAuts
